 Dungeon Sprint DCSS version 0.28-a0-793-g31680bbd8b (webtiles) character file.

Game seed: 14123650822416675633

5200000 ytrimaz the Middleweight Champion (level 22, -206/226 HPs)
             Began as a Demonspawn Gladiator on Nov 3, 2021.
             Was the Champion of Makhleb.
             Annihilated by a destroyer (223 damage)
             ... in the Dungeon (Sprint VIII: "Arena of Blood").
             The game lasted 00:02:09 (52 turns).

ytrimaz the Middleweight Champion (DsGl)              Turns: 52, Time: 00:02:09

Health: -206/226   AC: 11    Str: 23    XL:     22   Next: 74%
Magic:  23/38      EV: 27    Int: 11    God:    Makhleb [******]
Gold:   0          SH:  0    Dex: 15    Spells: 46/46 levels left

rFire   . . .      SeeInvis .   j - +∞ Axe of Woe
rCold   . . .      Faith    .   (shield currently unavailable)
rNeg    . . .      Spirit   .   a - +0 leather armour
rPois   .          Reflect  .   b - +0 helmet
rElec   .          Harm     .   (no cloak)
rCorr   .          Rampage  .   (gloves unavailable)
Will    +....      NoTele   +   (no boots)
Stlth   +++++.....              (no amulet)
HPRegen 0.47/turn               (no ring)
MPRegen 0.26/turn               (no ring)

@: slowed, very slow
A: rugged brown scales 3, icemail 1, condensation shield, demonic magic 3,
corrupting presence 2, word of chaos, demonic touch 3
a: Word of Chaos, Renounce Religion, Minor Destruction, Lesser Servant of
Makhleb, Major Destruction, Greater Servant of Makhleb


You were in the Dungeon.
You worshipped Makhleb.
Makhleb was exalted by your worship.
You visited 1 branch

Inventory:

Hand Weapons
 j - the +∞ Axe of Woe (weapon)
   (You found it in the Dungeon)
Missiles
 c - 2 throwing nets (quivered)
Armour
 a - a +0 leather armour (worn)
 b - a +0 helmet (worn)
Scrolls
 i - a scroll of blinking
Potions
 d - a potion of curing
 e - a potion of heal wounds
 f - a potion of haste
 g - 2 potions of magic
 h - a potion of berserk rage


   Skills:
 O Level 27 Fighting
 + Level 12.5(14.6) Short Blades
 + Level 12.5(14.6) Long Blades
 O Level 27 Axes
 + Level 12.5(22.4) Maces & Flails
 + Level 12.5(22.4) Polearms
 + Level 12.5(16.4) Staves
 + Level 12.5(21.3) Slings
 + Level 12.5 Bows
 + Level 12.5 Crossbows
 O Level 27 Throwing
 O Level 27 Armour
 O Level 27 Dodging
 + Level 13.5 Stealth
 + Level 12.5 Shields
 O Level 27 Unarmed Combat
 + Level 12.5 Spellcasting
 + Level 13.5 Conjurations
 + Level 15.0 Hexes
 + Level 13.5 Summonings
 + Level 14.7 Necromancy
 + Level 12.5 Translocations
 + Level 12.5 Transmutations
 + Level 12.5 Fire Magic
 + Level 12.5 Ice Magic
 + Level 12.5 Air Magic
 + Level 12.5 Earth Magic
 + Level 15.0 Poison Magic
 + Level 19.1 Invocations
 + Level 15.0 Evocations


You had 46 spell levels left.
You didn't know any spells.
Your spell library was empty.

Dungeon Overview and Level Annotations

Branches:
Dungeon (1/1)

Altars:
Makhleb


Innate Abilities, Weirdness & Mutations

You are completely covered in rugged brown scales. (AC +3, +7% HP)
A meltable icy envelope protects you from harm. (AC +0)
A meltable shield of frost defends you. (SH +0)
Spells you cast and wands you use may paralyse nearby enemies.
Your presence sometimes corrodes or deforms those you injure.
You can speak a Word of Chaos.
Your touch may irresistibly damage your foes and sap their willpower.


Message History

* * * LOW HITPOINT WARNING * * *
You hear a shout! x2
Your base Short Blades skill increases to level 12!
Your base Long Blades skill increases to level 12!
Your base Maces & Flails skill increases to level 12!
Your base Polearms skill increases to level 12!
Your base Staves skill increases to level 12!
Your base Slings skill increases to level 12!
Your Bows skill increases to level 12!
Your Crossbows skill increases to level 12!
Your Stealth skill increases to level 13!
Your Shields skill increases to level 12!
Your Spellcasting skill increases to level 12!
Your Conjurations skill increases to level 13!
Your Hexes skill increases to level 15!
Your Summonings skill increases to level 13!
Your Necromancy skill increases to level 14!
Your Translocations skill increases to level 12!
Your Transmutations skill increases to level 12!
Your Fire Magic skill increases to level 12!
Your Ice Magic skill increases to level 12!
Your Air Magic skill increases to level 12!
Your Earth Magic skill increases to level 12!
Your Poison Magic skill increases to level 15!
Your Invocations skill increases to level 19!
Your Evocations skill increases to level 15!
A meat berserker comes into view. It is wielding a +9 battleaxe.
Unknown command.
Unknown command.
You are too injured to fight recklessly!
Unknown command.
You hear a shout! x11
The eight-headed meat hydra calls on the powers of darkness!
The eight-headed meat hydra convulses!
The bag of meat convulses!
Your body is wracked with pain!
* * * LOW HITPOINT WARNING * * *
You hear a shout! x2
The destroyer hits you with a +9 vorpal great sword!!!!!
Ouch! That really hurt!
You die...

..........#.#...
.o..............
#O..............
#..O........... .
...o........... ..
....§........ ...
#.○○....# .#..
#☼)@V...#
...V.###○°§....###.
......)))o###......
..#...)D).○_......
#......)#.....#...
........#_.<._# ..
#.......#.....# .
..#........_......
..........###......


You could see an eight-headed meat hydra, a destroyer, a large bag of meat
(inner flame), a meat berserker (berserk) and 3 bags of meat.

Vanquished Creatures
  A royal mummy (D)
  6 vampire knights (D)
  15 ogres (D)
  4 two-headed ogres (D)
  A hydra (D)
  34 orcs (D)
61 creatures vanquished.

Notes
Turn   | Place    | Note
-------+----------+-------------------------------------------
     0 | D        | Found the +∞ Axe of Woe
     0 | D        | ytrimaz the Demonspawn Gladiator began the quest for the
                  | Orb.
     0 | D        | Reached XP level 1. HP: 16/16 MP: 1/1
     2 | D        | Noticed a bag of meat
     4 | D        | Became a worshipper of Makhleb the Destroyer
     5 | D        | Noticed a bag of meat
     6 | D        | Noticed a bag of meat
     6 | D        | Noticed a bag of meat
     6 | D        | Noticed a bag of meat
     6 | D        | Noticed a bag of meat
     7 | D        | Noticed a meat berserker
     9 | D        | Killed a bag of meat
     9 | D        | Killed a bag of meat
     9 | D        | Reached * piety under Makhleb
     9 | D        | Noticed a bag of meat
     9 | D        | Noticed a bag of meat
     9 | D        | Noticed a bag of meat
    10 | D        | Reached skill level 10 in Fighting
    10 | D        | Gained mutation: Spells you cast may paralyse adjacent
                  | enemies. [demonic ancestry]
    10 | D        | Reached XP level 2. HP: 36/36 MP: 2/2
    10 | D        | Gained mutation: Your touch may inflict minor irresistible
                  | damage on your foes. [demonic ancestry]
    10 | D        | Reached XP level 3. HP: 42/42 MP: 3/3
    10 | D        | Reached XP level 4. HP: 48/48 MP: 4/4
    10 | D        | Gained mutation: You are partially covered in rugged brown
                  | scales. (AC +1, +3% HP) [demonic ancestry]
    10 | D        | Reached XP level 5. HP: 48/55 MP: 5/5
    10 | D        | Reached XP level 6. HP: 54/62 MP: 6/6
    10 | D        | Reached XP level 7. HP: 60/69 MP: 7/7
    10 | D        | Reached XP level 8. HP: 65/75 MP: 8/8
    10 | D        | Gained mutation: Spells you cast may paralyse nearby
                  | enemies. [demonic ancestry]
    10 | D        | Reached XP level 9. HP: 70/81 MP: 9/9
    10 | D        | Gained mutation: Your touch may inflict irresistible damage
                  | on your foes. [demonic ancestry]
    10 | D        | Reached XP level 10. HP: 77/88 MP: 10/10
    10 | D        | Gained mutation: Spells you cast and wands you use may
                  | paralyse nearby enemies. [demonic ancestry]
    10 | D        | Reached XP level 11. HP: 82/94 MP: 11/11
    10 | D        | Killed a bag of meat
    10 | D        | Killed a bag of meat
    10 | D        | Noticed a bag of meat
    10 | D        | Noticed a meat berserker
    10 | D        | Noticed a bag of meat
    11 | D        | Reached skill level 10 in Throwing
    11 | D        | Gained mutation: You are mostly covered in rugged brown
                  | scales. (AC +2, +5% HP) [demonic ancestry]
    11 | D        | Reached XP level 12. HP: 85/107 MP: 12/12
    11 | D        | Reached XP level 13. HP: 90/113 MP: 13/13
    11 | D        | Killed a bag of meat
    11 | D        | Reached ** piety under Makhleb
    11 | D        | Killed a bag of meat
    11 | D        | Killed a bag of meat
    11 | D        | Noticed a bag of meat
    12 | D        | Reached skill level 10 in Axes
    12 | D        | Gained mutation: Your touch may irresistibly damage your
                  | foes and sap their willpower. [demonic ancestry]
    12 | D        | Reached XP level 14. HP: 22/124 MP: 14/14
    12 | D        | Noticed a meat berserker
    12 | D        | Killed a meat berserker
    12 | D        | Reached *** piety under Makhleb
    12 | D        | Killed a bag of meat
    13 | D        | Reached skill level 15 in Fighting
    13 | D        | Killed a meat berserker
    13 | D        | Noticed a bag of meat
    13 | D        | Noticed a bag of meat
    14 | D        | Gained mutation: A meltable shield of frost defends you.
                  | (SH +0) [demonic ancestry]
    14 | D        | Reached XP level 15. HP: 82/137 MP: 15/15
    14 | D        | Reached **** piety under Makhleb
    14 | D        | Noticed a meat berserker
    14 | D        | Noticed a meat berserker
    14 | D        | Noticed a meat berserker
    15 | D        | Killed a meat berserker
    15 | D        | Noticed a meat berserker
    16 | D        | Reached skill level 15 in Axes
    16 | D        | Gained mutation: Your presence sometimes corrodes those you
                  | injure. [demonic ancestry]
    16 | D        | Reached XP level 16. HP: 140/149 MP: 16/16
    16 | D        | Noticed a meat berserker
    17 | D        | Reached skill level 15 in Throwing
    17 | D        | Noticed a large bag of meat
    17 | D        | Reached ***** piety under Makhleb
    17 | D        | Noticed a meat berserker
    18 | D        | Reached skill level 27 in Dodging
    18 | D        | Reached skill level 27 in Unarmed Combat
    18 | D        | Killed a meat berserker
    18 | D        | Killed a meat berserker
    19 | D        | Reached XP level 17. HP: 168/168 MP: 17/17
    19 | D        | Killed a meat berserker
    19 | D        | Killed a meat berserker
    19 | D        | Noticed a destroyer
    21 | D        | Killed a meat berserker
    21 | D        | Killed a large bag of meat
    21 | D        | Reached ****** piety under Makhleb
    21 | D        | Noticed a meat berserker
    21 | D        | Noticed a meat berserker
    22 | D        | Reached skill level 27 in Fighting
    22 | D        | Reached skill level 27 in Axes
    22 | D        | Gained mutation: Your presence sometimes corrodes or
                  | deforms those you injure. [demonic ancestry]
    22 | D        | Reached XP level 18. HP: 137/191 MP: 18/18
    23 | D        | Killed a meat berserker
    23 | D        | Killed a meat berserker
    23 | D        | Noticed a meat berserker
    23 | D        | Noticed a meat berserker
    24 | D        | Reached skill level 27 in Throwing
    24 | D        | Noticed a destroyer
    24 | D        | Noticed a large bag of meat
    26 | D        | Gained mutation: You can speak a Word of Chaos. [demonic
                  | ancestry]
    26 | D        | Reached XP level 19. HP: 198/198 MP: 19/19
    26 | D        | Noticed an eight-headed meat hydra
    27 | D        | Reached skill level 27 in Armour
    27 | D        | Killed a destroyer
    28 | D        | Reached skill level 5 in Invocations
    28 | D        | Killed a meat berserker
    28 | D        | Noticed a large bag of meat
    29 | D        | Reached skill level 5 in Short Blades
    29 | D        | Reached skill level 5 in Long Blades
    29 | D        | Reached skill level 5 in Maces & Flails
    29 | D        | Reached skill level 5 in Polearms
    29 | D        | Reached skill level 5 in Staves
    29 | D        | Reached skill level 5 in Slings
    29 | D        | Reached skill level 5 in Bows
    29 | D        | Reached skill level 5 in Crossbows
    29 | D        | Reached skill level 5 in Shields
    29 | D        | Reached skill level 5 in Spellcasting
    29 | D        | Reached skill level 5 in Translocations
    29 | D        | Reached skill level 5 in Transmutations
    29 | D        | Reached skill level 5 in Fire Magic
    29 | D        | Reached skill level 5 in Ice Magic
    29 | D        | Reached skill level 5 in Air Magic
    29 | D        | Reached skill level 5 in Earth Magic
    29 | D        | Reached XP level 20. HP: 104/206 MP: 19/28
    29 | D        | Killed a meat berserker
    30 | D        | Killed a meat berserker
    30 | D        | Noticed a large bag of meat
    31 | D        | Reached skill level 10 in Invocations
    31 | D        | Noticed a destroyer
    31 | D        | Noticed a meat berserker
    32 | D        | Killed a destroyer
    33 | D        | Killed a large bag of meat
    33 | D        | Killed a large bag of meat
    33 | D        | Noticed a destroyer
    34 | D        | Reached skill level 10 in Hexes
    34 | D        | Reached skill level 10 in Necromancy
    34 | D        | Reached skill level 10 in Poison Magic
    34 | D        | Reached skill level 10 in Evocations
    34 | D        | Gained mutation: You are completely covered in rugged brown
                  | scales. (AC +3, +7% HP) [demonic ancestry]
    34 | D        | Reached XP level 21. HP: 121/218 MP: 19/33
    37 | D        | Noticed a destroyer
    39 | D        | Reached skill level 10 in Stealth
    39 | D        | Reached skill level 10 in Conjurations
    39 | D        | Reached skill level 10 in Summonings
    39 | D        | Noticed a destroyer
    39 | D        | Noticed a destroyer
    41 | D        | Killed a destroyer
    41 | D        | Killed a large bag of meat
    42 | D        | Reached skill level 10 in Short Blades
    42 | D        | Reached skill level 10 in Long Blades
    42 | D        | Reached skill level 10 in Maces & Flails
    42 | D        | Reached skill level 10 in Polearms
    42 | D        | Reached skill level 10 in Staves
    42 | D        | Reached skill level 10 in Slings
    42 | D        | Reached skill level 10 in Bows
    42 | D        | Reached skill level 10 in Crossbows
    42 | D        | Reached skill level 10 in Shields
    42 | D        | Reached skill level 10 in Spellcasting
    42 | D        | Reached skill level 10 in Translocations
    42 | D        | Reached skill level 10 in Transmutations
    42 | D        | Reached skill level 10 in Fire Magic
    42 | D        | Reached skill level 10 in Ice Magic
    42 | D        | Reached skill level 10 in Air Magic
    42 | D        | Reached skill level 10 in Earth Magic
    42 | D        | Reached skill level 15 in Invocations
    42 | D        | Killed a destroyer
    42 | D        | Killed a destroyer
    43 | D        | Gained mutation: A meltable icy envelope protects you from
                  | harm. (AC +0) [demonic ancestry]
    43 | D        | Reached XP level 22. HP: 76/226 MP: 21/37
    43 | D        | Noticed an accursed
    45 | D        | Killed a destroyer
    46 | D        | Noticed a large bag of meat
    47 | D        | HP: 5/226 [accursed/divine providence (11)]
    51 | D        | Killed an accursed
    52 | D        | Reached skill level 15 in Hexes
    52 | D        | Reached skill level 15 in Poison Magic
    52 | D        | Reached skill level 15 in Evocations
    52 | D        | Annihilated by a destroyer

Illustrated notes

Levels and vault maps discovered:
D:        meatsprint

Skill      XL: |  1  2  3  4  5  6  7  8  9 10 11 12 13 14 15 16 17 18 19 20 21 22 |
---------------+-------------------------------------------------------------------+-----
Fighting       | 10 12 13 16 17 21 27 | 27.0
Axes           | 6 7 10 13 15 22 27 | 27.0
Throwing       | 9 10 12 13 14 17 22 27 | 27.0
Dodging        | 17 19 21 24 26 27 | 27.0
Unarmed Combat | 17 19 21 24 26 27 | 27.0
Armour         | 2 7 25 27 | 27.0
Short Blades   | 5 8 11 12 | 12.5
Long Blades    | 5 8 11 12 | 12.5
Maces & Flails | 5 8 11 12 | 12.5
Polearms       | 5 8 11 12 | 12.5
Staves         | 5 8 11 12 | 12.5
Slings         | 5 8 11 12 | 12.5
Bows           | 5 8 11 12 | 12.5
Crossbows      | 5 8 11 12 | 12.5
Stealth        | 6 9 12 13 | 13.5
Shields        | 5 8 11 12 | 12.5
Spellcasting   | 5 8 11 12 | 12.5
Conjurations   | 6 9 12 13 | 13.5
Hexes          | 7 10 13 15 | 15.0
Summonings     | 6 9 12 13 | 13.5
Necromancy     | 6 10 13 14 | 14.7
Translocations | 5 8 11 12 | 12.5
Transmutations | 5 8 11 12 | 12.5
Fire Magic     | 5 8 11 12 | 12.5
Ice Magic      | 5 8 11 12 | 12.5
Air Magic      | 5 8 11 12 | 12.5
Earth Magic    | 5 8 11 12 | 12.5
Poison Magic   | 7 10 13 15 | 15.0
Invocations    | 9 13 17 19 | 19.1
Evocations     | 7 10 13 15 | 15.0

Action                   |  1- 3 |  4- 6 |  7- 9 | 10-12 | 13-15 | 16-18 | 19-21 | 22-24 || total
-------------------------+-------+-------+-------+-------+-------+-------+-------+-------++-------
Melee: Executioner's axe |     1 |       |       |     1 |     5 |     7 |    15 |     4 ||    33
Throw: Throwing net      |       |       |       |       |       |     1 |       |       ||     1
Dodge: Dodged            |       |       |       |     1 |       |     2 |     2 |       ||     5

Table legend: (Time is in decaauts)
 A = Elapsed time spent in this place.
 B = Non-inter-level travel time spent in this place.
 C = Inter-level travel time spent in this place.
 D = Time resting spent in this place.
 E = Time spent auto-exploring this place.
 F = Levels seen in this place.
 G = Mean time per level.
                   A        B        C        D        E       F      G
               +--------+--------+--------+--------+--------+-----+--------+
         Total |     46 |     46 |      0 |      0 |      0 |   1 |   46.0 |
       Dungeon |     46 |     46 |      0 |      0 |      0 |   1 |   46.0 |
               +--------+--------+--------+--------+--------+-----+--------+

Top non-repeatable levels by time:
       D: 46 daAuts
